 Dungeon Crawl Stone Soup version 0.27-a0-1590-g15f69828bf (webtiles) character file.

Game seed: 16748244632450990866

121 Aviak the Conjurer (level 4, 0/36 HPs)
             Began as a Demigod Conjurer on July 18, 2021.
             Slain by Sigmund (13 damage)
             ... on level 3 of the Dungeon.
             The game lasted 00:03:16 (3060 turns).

Aviak the Conjurer (Demigod Conjurer)               Turns: 3060, Time: 00:03:16

Health: 0/36       AC:  2    Str:  5 (8)  XL:     4   Next: 49%
Magic:  4/11       EV: 12    Int: 21 (24) God:
Gold:   102        SH:  0    Dex:  9 (12) Spells: 5/8 levels left

rFire    . . .     SeeInvis .   i - +0 trident
rCold    . . .     Faith    .   (no shield)
rNeg     . . .     Spirit   .   a - +0 robe
rPois    .         Reflect  .   (no helmet)
rElec    .         Harm     .   (no cloak)
rCorr    .         Rampage  .   (no gloves)
Will     .....                  (no boots)
Stlth    ++........             (no amulet)
HPRegen  0.12/turn              (no ring)
MPRegen  0.12/turn              (no ring)

@: no status effects
A: high mp 1, forlorn
a: no special abilities


You were on level 3 of the Dungeon.
You visited 1 branch of the dungeon, and saw 3 of its levels.

You collected 102 gold pieces.

Inventory:

Hand Weapons
 d - a +0 short sword
 i - a +0 trident (weapon)
Armour
 a - a +0 robe (worn)
Jewellery
 c - a ring of magical power
Scrolls
 b - 2 scrolls of identify {unknown}
 e - a scroll of magic mapping {unknown}
 f - 3 scrolls of fog {unknown}
 h - a scroll of enchant weapon {unknown}


   Skills:
 + Level 2.2 Fighting
 + Level 0.0 Polearms
 - Level 1.7 Dodging
 - Level 1.7 Stealth
 + Level 2.9 Spellcasting
 - Level 4.3 Conjurations


You had 5 spell levels left.
You knew the following spells:

 Your Spells              Type           Power      Damage    Failure   Level
a - Magic Dart            Conj           84%        1d7       2%          1
b - Searing Ray           Conj           42%        3d4       3%          2

Your spell library contained the following spells:

 Spells                   Type           Power      Damage    Failure   Level
 Dazzling Flash           Conj/Hex       24%        N/A       17%         3
 Fulminant Prism          Conj/Hex       6%         3d7       50%         4
 Iskenderun's Mystic Bla  Conj/Tloc      12%        2d5       50%         4


Dungeon Overview and Level Annotations

Branches:
Dungeon (3/15)

Annotations:
D:3 Sigmund


Innate Abilities, Weirdness & Mutations

Your attributes grow dramatically as you level up.
You have an increased reservoir of magic. (+10% MP)
You shall have no god before yourself.


Message History

Sigmund points at you and mumbles some strange words.
The magic dart hits you!
Sigmund is nearby!
Sigmund is nearby!
Casting: Searing Ray (safe; 3% risk of failure)
Confirm with . or Enter, or press ? or * to list all spells.
Aiming: Searing Ray (safe; 3% risk of failure)
Press: ? - help, Shift-Dir - straight line, f - Sigmund
Aim: Sigmund, wielding a +1 scythe of protection and wearing a +0 robe (75% to hit)
The searing ray misses Sigmund. (Press . to maintain the ray.)
The searing ray hits Sigmund.
Sigmund is moderately wounded.
Sigmund hits you from afar with a +1 scythe of protection!
The searing ray hits Sigmund!
Sigmund is heavily wounded.
Sigmund casts a spell at you. The magic dart hits you!
* * * LOW HITPOINT WARNING * * *
The searing ray hits Sigmund!
Sigmund is severely wounded.
You finish channeling your searing ray.
Sigmund points at you and mumbles some strange words.
You are confused.
You're too confused to cast spells.
You bump into the rock wall.
Sigmund closely misses you.
It was a potion of curing.
You feel better. Sigmund gestures at you while chanting.
The puff of flame misses you.
Casting: Searing Ray (safe; 3% risk of failure)
Confirm with . or Enter, or press ? or * to list all spells.
Aiming: Searing Ray (safe; 3% risk of failure)
Press: ? - help, Shift-Dir - straight line, f/p - Sigmund
Aim: Sigmund, wielding a +1 scythe of protection and wearing a +0 robe (severely wounded, 75% to hit)
The searing ray hits Sigmund.
Sigmund is severely wounded. (Press . to maintain the ray.) Sigmund screams, "Don't try to resist!"
Sigmund hits you from afar with a +1 scythe of protection!
You die...

########### ###
.......... ..# ##
......#.### #.# ##..
#.......###.#
.#.#.######.........._#
#.................###.#
#.....###..#...### #.#
#...@.@....#...# #.#
.....<.###.###.## #.#
....... #.....# #.##
##..... #.....# #.>.
#....# #.....# #.##
#.##. #.....# #.# #. ..
.......######.# # #.
#####.####.....#
#.####.######


You could see Sigmund.

Vanquished Creatures
  An orc wizard (D:2)
  Robin (D:3)
  2 worms (D:2)
  2 dart slugs (D:2)
  5 orcs
  9 ball pythons
  6 endoplasms
  3 giant cockroaches
  9 goblins
  10 hobgoblins
  3 kobolds
  4 quokkas
  5 bats
  A frilled lizard (D:2)
61 creatures vanquished.

Notes
Turn   | Place    | Note
-------+----------+-------------------------------------------
     0 | D:1      | Aviak the Demigod Conjurer began the quest for the Orb.
     0 | D:1      | Reached XP level 1. HP: 14/14 MP: 5/5
   663 | D:1      | Reached XP level 2. HP: 22/22 MP: 4/7
  1152 | D:1      | Reached skill level 1 in Fighting
  1576 | D:2      | Reached XP level 3. HP: 28/28 MP: 6/9
  1614 | D:2      | Reached skill level 4 in Conjurations
  2347 | D:2      | Reached XP level 4. HP: 36/36 MP: 7/10
  2580 | D:3      | Learned a level 2 spell: Searing Ray
  2664 | D:3      | Noticed Robin
  2670 | D:3      | Killed Robin
  2681 | D:3      | HP: 1/36 [hobgoblin[Robin] (5)]
  3051 | D:3      | Noticed Sigmund
  3060 | D:3      | Slain by Sigmund

Illustrated notes

Levels and vault maps discovered:
D:1:      dpeg_arrival_ternary, layout_loops_ring
D:2:      layout_basic, hellmonk_ecumenical_altar_arch_garden, basic_altar,
          minmay_between
D:3:      layout_loops_ring, mainiacjoe_overflow_alcove_1,
          overflow_temple_1_default, minitemple, uniq_sigmund, uniq_robin

Skill      XL: |  1  2  3  4 |
---------------+-------------+-----
Spellcasting   | 2 |  2.9
Fighting       | 1 2 |  2.2
Conjurations   | 4 |  4.3
Dodging        | |  1.7
Stealth        | |  1.7

Action                   |  1- 3 |  4- 6 || total
-------------------------+-------+-------++-------
Melee: Unarmed           |     6 |       ||     6
       Short sword       |    27 |    10 ||    37
       Trident           |       |    27 ||    27
 Cast: Magic Dart        |    96 |    26 ||   122
       Searing Ray       |       |     4 ||     4
  Use: Potion            |       |     2 ||     2
Armor: Robe              |    11 |     9 ||    20
Dodge: Dodged            |    35 |    27 ||    62

Table legend: (Time is in decaauts)
 A = Elapsed time spent in this place.
 B = Non-inter-level travel time spent in this place.
 C = Inter-level travel time spent in this place.
 D = Time resting spent in this place.
 E = Time spent auto-exploring this place.
 F = Levels seen in this place.
 G = Mean time per level.
                   A        B        C        D        E       F      G
               +--------+--------+--------+--------+--------+-----+--------+
         Total |   3070 |   3007 |     63 |    319 |   2305 |   3 | 1023.3 |
       Dungeon |   3070 |   3007 |     63 |    319 |   2305 |   3 | 1023.3 |
               +--------+--------+--------+--------+--------+-----+--------+

Top non-repeatable levels by time:
     D:2: 1286 daAuts
     D:1: 1268 daAuts
     D:3: 515 daAuts
